 Dungeon Sprint DCSS version 0.22-a0-877-g5c4e1af (webtiles) character file.

2752 Brynnhild the Grappler (level 9, -3/147 HPs)
             Began as a Troll Berserker on July 29, 2018.
             Was a High Priest of Trog.
             Slain by a ten-headed hydra (8 damage)
             ... in the Dungeon (Sprint IX: "|||||||||||||||||||||||||||||").
             The game lasted 00:01:29 (463 turns).

Brynnhild the Grappler (Troll Berserker)             Turns: 463, Time: 00:01:30

Health: -3/147     AC:  5    Str: 37    XL:     9   Next: 41%
Magic:  8/8        EV: 13    Int:  7    God:    Trog [*****.]
Gold:   23         SH:  0    Dex:  9    Spells: 8/8 levels left

rFire    . . .     SeeInvis .     - Unarmed
rCold    . . .     Gourm    +   (no shield)
rNeg     . . .     Faith    .   a - +0 animal skin
rPois    .         Spirit   .   (helmet restricted)
rElec    .         Reflect  .   (no cloak)
rCorr    .         Harm     .   (gloves unavailable)
MR       .....     NoTele   +   (boots unavailable)
Stlth    ..........             (no amulet)
HPRegen  0.74/turn              m - +3 ring of intelligence
MPRegen  0.11/turn              n - +3 ring of strength

@: berserking, very quick
A: large, unfitting armour, claws 3, fast metabolism 3, gourmand, regeneration
1, shaggy fur 1, tough skin 2
a: Berserk, Trog's Hand, Brothers in Arms, Renounce Religion


You were in the Dungeon.
You worshipped Trog.
Trog was extremely pleased with you.
You were very full.

You visited 1 branch You collected 23 gold pieces.

Inventory:

Missiles
 o - 7 tomahawks of returning (quivered)
Armour
 a - a +0 animal skin (worn)
Jewellery
 m - a +3 ring of intelligence (left claw)
 n - a +3 ring of strength (right claw)
Wands
 l - a wand of iceblast (10)
Scrolls
 h - 2 scrolls of blinking
 k - 4 scrolls of remove curse
 r - 2 scrolls of enchant weapon
 s - 2 scrolls of enchant armour
 t - a scroll of fog
 u - a scroll of fear
Potions
 c - 5 potions of curing
 d - 7 potions of heal wounds
 e - a potion of haste
 f - 4 potions of magic
 g - 2 potions of berserk rage
 j - a potion of invisibility
 p - a potion of brilliance
 q - a potion of might
Comestibles
 b - 3 rations
 i - 5 chunks of flesh


   Skills:
 + Level 9.1 Fighting
 * Level 8.9 Throwing
 + Level 9.0 Dodging
 + Level 13.3 Unarmed Combat


You had 8 spell levels left.
You didn't know any spells.
Your spell library was empty.

Dungeon Overview and Level Annotations

Branches:
Dungeon (1/1)

Altars:
Cheibriados
Dithmenos
Elyvilon
Fedhas
Gozag
Hepliaklqana
Kikubaaqudgha
Makhleb
Nemelex Xobeh
Okawaru
Qazlal
Ru
Sif Muna
Trog
Uskayaw
Vehumet
Wu Jian
Xom
Yredelemnul
Zin
The Shining One
Beogh
Jiyva
Lugonu


Innate Abilities, Weirdness & Mutations

You are too large for most types of armour.
You have claws for hands.
Your metabolism is lightning-fast.
You like to eat raw meat.
Your natural rate of healing is unusually fast.
You are covered in fur. (AC +1)
You have very tough skin. (AC +2)


Message History

The nine-headed hydra is lightly wounded.
You claw one of the nine-headed hydra's heads off!
The eight-headed hydra grows two more!
You claw the ten-headed hydra!
The ten-headed hydra is lightly wounded.
The ten-headed hydra bites you.
* * * LOW HITPOINT WARNING * * *
The ten-headed hydra bites you.
* * * LOW HITPOINT WARNING * * *
The ten-headed hydra bites you but does no damage.
The ten-headed hydra bites you.
* * * LOW HITPOINT WARNING * * *
The ten-headed hydra bites you!
* * * LOW HITPOINT WARNING * * *
The ten-headed hydra barely misses you.
The ten-headed hydra closely misses you.
The ten-headed hydra bites you!
* * * LOW HITPOINT WARNING * * *
The ten-headed hydra bites you but does no damage.
The ten-headed hydra bites you!
You die...

▓.▓_▓
▓r▓.▓_▓
▓t▓.▓_▓
▓t▓.▓_▓
▓.▓.▓_▓
▓F▓.▓_▓
▓F▓.▓_▓
▓D▓.▓_▓
▓@▓.▓_▓
▓.▓.▓_▓
▓.▓.▓_▓
▓.▓.▓_▓
▓.▓.▓'▓
▓.▓.▓.▓
▓.▓.▓.▓
▓.▓.▓.▓
▓.▓.▓.▓


You could see a ten-headed hydra, a spiny frog, a blink frog, 2 crocodiles and a
porcupine.

Vanquished Creatures
  A hydra (D)
  A centaur warrior (D)
  A komodo dragon (D)
  A hippogriff (D)
  A wraith (D)
  A yak (D)
  A steam dragon (D)
  A hungry ghost (D)
  A porcupine (D)
  A centaur (D)
  A bullfrog (D)
  A killer bee (D)
  A howler monkey (D)
  2 crimson imps (D)
  A hound (D)
  2 ball pythons (D)
  2 goblins (D)
  A quokka (D)
  A bat (D)
  A frilled lizard (D)
  A giant cockroach zombie (D)
  A leopard gecko zombie (D)
25 creatures vanquished.

Notes
Turn   | Place    | Note
-------+----------+-------------------------------------------
     0 | D        | Brynnhild the Troll Berserker began the quest for the Orb.
     0 | D        | Reached XP level 1. HP: 22/22 MP: 0/0
     9 | D        | Reached ** piety under Trog
    10 | D        | Reached skill level 1 in Throwing
    30 | D        | Noticed a hound
    33 | D        | Reached *** piety under Trog
    34 | D        | Reached XP level 2. HP: 31/31 MP: 1/1
    37 | D        | Reached **** piety under Trog
    37 | D        | Reached skill level 4 in Unarmed Combat
    37 | D        | Reached XP level 3. HP: 37/39 MP: 2/2
    46 | D        | Found a roughly hewn altar of Beogh.
    46 | D        | Found a snail-covered altar of Cheibriados.
    46 | D        | Found a shadowy altar of Dithmenos.
    46 | D        | Found a white marble altar of Elyvilon.
    46 | D        | Found a blossoming altar of Fedhas.
    46 | D        | Found an opulent altar of Gozag.
    47 | D        | Found a hazy altar of Hepliaklqana.
    48 | D        | Found a viscous altar of Jiyva.
    49 | D        | Found an ancient bone altar of Kikubaaqudgha.
    50 | D        | Found a corrupted altar of Lugonu.
    51 | D        | Found a burning altar of Makhleb.
    52 | D        | Found a sparkling altar of Nemelex Xobeh.
    53 | D        | Found an iron altar of Okawaru.
    54 | D        | Found a stormy altar of Qazlal.
    55 | D        | Found a sacrificial altar of Ru.
    56 | D        | Found a deep blue altar of Sif Muna.
    57 | D        | Found a bloodstained altar of Trog.
    58 | D        | Found a hide-covered altar of Uskayaw.
    59 | D        | Found a radiant altar of Vehumet.
    60 | D        | Found an ornate altar of the Wu Jian Council.
    61 | D        | Found a shimmering altar of Xom.
    62 | D        | Found a basalt altar of Yredelemnul.
    63 | D        | Found a glowing silver altar of Zin.
    64 | D        | Found a glowing golden altar of the Shining One.
    90 | D        | Noticed a bullfrog
    90 | D        | Noticed a centaur
    90 | D        | Noticed a hippogriff
    96 | D        | Killed a hippogriff
    96 | D        | Reached skill level 5 in Fighting
    96 | D        | Reached skill level 5 in Dodging
    96 | D        | Reached skill level 7 in Unarmed Combat
    96 | D        | Reached XP level 4. HP: 50/50 MP: 3/3
    96 | D        | Reached XP level 5. HP: 57/57 MP: 4/4
   102 | D        | Killed a centaur
   102 | D        | Reached skill level 5 in Throwing
   102 | D        | Reached skill level 8 in Unarmed Combat
   102 | D        | Reached XP level 6. HP: 67/67 MP: 5/5
   105 | D        | Reached ***** piety under Trog
   107 | D        | Reached skill level 9 in Unarmed Combat
   242 | D        | Noticed a wraith
   242 | D        | Noticed a steam dragon
   242 | D        | Noticed a yak
   242 | D        | Noticed a centaur warrior
   242 | D        | Noticed a hungry ghost
   245 | D        | Killed a hungry ghost
   245 | D        | Reached XP level 7. HP: 76/76 MP: 6/6
   249 | D        | Killed a centaur warrior
   249 | D        | Received a gift from Trog
   249 | D        | Reached skill level 11 in Unarmed Combat
   249 | D        | Reached XP level 8. HP: 88/88 MP: 7/7
   253 | D        | Received a gift from Trog
   446 | D        | Noticed a blink frog
   446 | D        | Noticed a spiny frog
   446 | D        | Noticed a six-headed hydra
   446 | D        | Noticed a komodo dragon
   447 | D        | Noticed an eight-headed hydra
   451 | D        | Received a gift from Trog
   451 | D        | Reached skill level 12 in Unarmed Combat
   455 | D        | Killed a komodo dragon
   455 | D        | Reached XP level 9. HP: 96/97 MP: 8/8
   461 | D        | Killed a 12-headed hydra
   461 | D        | Reached skill level 13 in Unarmed Combat
   463 | D        | HP: 5/147 [ten-headed hydra (9)]
   463 | D        | Slain by a ten-headed hydra

Vault maps used:
D:        linesprint

Skill      XL: |  1  2  3  4  5  6  7  8  9 |
---------------+----------------------------+-----
Throwing       | 1 2 4 5 6 7 8 |  8.9
Fighting       | 3 5 6 8 9 |  9.1
Dodging        | 3 5 6 7 8 9 |  9.0
Unarmed Combat | 4 7 8 9 11 12 13 | 13.3

Action                   |  1- 3 |  4- 6 |  7- 9 || total
-------------------------+-------+-------+-------++-------
Melee: Unarmed           |    19 |    10 |    38 ||    67
       Punch             |     1 |       |     1 ||     2
Invok: Berserk           |     1 |     1 |     1 ||     3
  Eat: Chunk             |     6 |     2 |     6 ||    14
Armor: Animal skin       |     5 |     1 |     6 ||    12
Dodge: Dodged            |     5 |     2 |    23 ||    30

Table legend:
 A = Spawn XP
 B = Non-spawn XP
 C = Spawn XP percentage of total XP
 D = Spawn monster count
 E = Non-spawn monster count
 F = Spawn count percentage of total count
 G = Total turns spent on level
                    A         B        C        D         E        F      G
               +---------+---------+-------+---------+---------+-------+---------
         Total |       0 |    3932 |   0.0 |       0 |      25 |   0.0 |   463
               +---------+---------+-------+---------+---------+-------+---------
             D |       0 |    3932 |   0.0 |       0 |      25 |   0.0 |   463
               +---------+---------+-------+---------+---------+-------+---------
